 Dungeon Crawl Stone Soup version 0.26.1-11-gd32895ea62 (webtiles) character file.

Game seed: 5892886874792614974

400 vvl the Slasher (level 6, -2/57 HPs)
             Began as a Naga Berserker on June 9, 2021.
             Was a Believer of Trog.
             Slain by an ogre
             ... wielding a +0 giant club
              (17 damage)
             ... on level 4 of the Dungeon.
             The game lasted 00:08:13 (4878 turns).

vvl the Slasher (Naga Berserker)                    Turns: 4878, Time: 00:08:14

Health: -2/57      AC:  5    Str: 19    XL:     6   Next: 84%
Magic:  6/6        EV: 12    Int:  9    God:    Trog [**....]
Gold:   258        SH:  0    Dex: 11    Spells: 5/5 levels left

rFire    . . .     SeeInvis +   o - +1 dagger (vamp)
rCold    . . .     Faith    .   (no shield)
rNeg     . . .     Spirit   .   e - +0 scale mail
rPois    +         Reflect  .   (no helmet)
rElec    .         Harm     .   (no cloak)
rCorr    .         Rampage  .   (no gloves)
Will     .....                  (no barding)
Stlth    ..........             (no amulet)
HPRegen  0.19/turn              d - +4 ring of evasion
MPRegen  0.10/turn              (no ring)

@: very slow
A: large, see invisible, deformed body, poison resistance, slowness 2, spit
poison 1, AC +2
a: Spit Poison, Renounce Religion, Berserk, Trog's Hand


You were on level 4 of the Dungeon.
You worshipped Trog.
Trog was pleased with you.
You visited 1 branch of the dungeon, and saw 4 of its levels.

You collected 258 gold pieces.

Inventory:

Hand Weapons
 a - a +0 falchion
 o - a +1 vampiric dagger (weapon)
Missiles
 s - 3 javelins
Armour
 e - a +0 scale mail (worn)
Jewellery
 d - a +4 ring of evasion (left hand)
Wands
 f - a wand of enslavement (7)
Scrolls
 b - 2 scrolls of teleportation
 c - 3 scrolls of noise {unknown}
 j - a scroll of amnesia
 k - 4 scrolls of enchant weapon
 m - 6 scrolls of identify
 p - a scroll of fear {unknown}
 q - a scroll of blinking {unknown}
Potions
 g - a potion of flight {unknown}
 h - 3 potions of curing {unknown}
 i - 2 potions of lignification {unknown}
 l - 2 potions of degeneration {unknown}
 n - 2 potions of mutation {unknown}
 r - a potion of might {unknown}
 t - a potion of magic {unknown}


   Skills:
 + Level 4.1 Fighting
 * Level 5.0 Long Blades
 + Level 2.6 Armour
 + Level 2.6 Dodging
 + Level 2.2 Evocations


You had 5 spell levels left.
You didn't know any spells.
Your spell library was empty.

Dungeon Overview and Level Annotations

Branches:
Dungeon (4/15)
 Temple: D:4-7

Altars:
Elyvilon
Fedhas
Ru
The Shining One

Shops:
D:4 :


Innate Abilities, Weirdness & Mutations

You cannot wear boots.
Your serpentine skin is tough. (AC +2)
You have supernaturally acute eyesight. (SInv)
Armour fits poorly on your strangely shaped body.
Your system is resistant to poisons. (rPois)
You cover ground very slowly.
You can spit poison.


Message History

The ogre hits you with a +0 giant club!!
You hit the ogre but do no damage.
The ogre is heavily wounded.
You hit the ogre.
The ogre is heavily wounded.
The ogre barely misses you.
You hit the ogre.
The ogre is severely wounded.
You have got your breath back.
The ogre barely misses you.
You hit the ogre but do no damage.
The ogre is severely wounded.
You hit the ogre.
You feel better.
The ogre is almost dead.
The ogre hits you with a +0 giant club!!
* * * LOW HITPOINT WARNING * * *
You hit the ogre but do no damage.
The ogre is almost dead.
The ogre hits you with a +0 giant club!
You die...

.........>....# #.........
.........###############.........
.........#.......................
####.....#.#############.....[...
####.....#.# #...# #########.
#..........# #...# #### .
#..........# #...# .....
#..........###...##......
##.......#......@O.......
#.......#..##...#.......
#.......#..##...#.......
#.......#..##...#.......
##.......#..######.......
.........#..# .......
##.......#### ....... ...........
....... .#....#####


You could see an ogre.

Vanquished Creatures
  Duvessa (D:4)
  A bullfrog (D:4)
  Dowan (D:4)
  An iguana (D:4)
  A worker ant zombie (D:2)
  5 adders
  A worm (D:2)
  2 dart slugs (D:2)
  7 leopard geckos
  An orc (D:3)
  2 ball pythons
  8 bats
  5 giant cockroaches
  13 goblins
  7 hobgoblins
  9 jackals
  2 quokkas (D:3)
  5 frilled lizards
  6 kobolds
  10 rats
88 creatures vanquished.

Notes
Turn   | Place    | Note
-------+----------+-------------------------------------------
     0 | D:1      | vvl the Naga Berserker began the quest for the Orb.
     0 | D:1      | Reached XP level 1. HP: 21/21 MP: 1/1
   230 | D:1      | Reached XP level 2. HP: 19/28 MP: 2/2
  1009 | D:1      | Reached XP level 3. HP: 32/34 MP: 3/3
  1785 | D:2      | Found a white marble altar of Elyvilon.
  1817 | D:2      | Reached ** piety under Trog
  2016 | D:2      | Found a glowing golden altar of the Shining One.
  2017 | D:2      | Found a blossoming altar of Fedhas.
  2022 | D:2      | Reached XP level 4. HP: 42/42 MP: 4/4
  2023 | D:2      | Found a sacrificial altar of Ru.
  2595 | D:2      | Reached skill level 1 in Evocations
  2929 | D:3      | Reached skill level 4 in Long Blades
  3272 | D:3      | Reached XP level 5. HP: 31/49 MP: 5/5
  4008 | D:4      | Found Yliqoez's Book Boutique.
  4188 | D:4      | Noticed Duvessa
  4188 | D:4      | Noticed Dowan
  4210 | D:4      | Killed Duvessa
  4211 | D:4      | Reached XP level 6. HP: 21/57 MP: 6/6
  4213 | D:4      | Killed Dowan
  4674 | D:4      | Reached skill level 5 in Long Blades
  4878 | D:4      | Slain by an ogre

Illustrated notes

Levels and vault maps discovered:
D:1:      denvon_arrival_planthouse, layout_loops_corners
D:2:      wad_river_or_something, layout_basic, elyvilon_altar_5,
          chequers_temple_overflow_statue_of_worship
D:3:      layout_loops_corners
D:4:      layout_basic, serial_shops, shop, shop, led_sif_book, uniq_duvessa

Skill      XL: |  1  2  3  4  5  6 |
---------------+-------------------+-----
Dodging        | 2 |  2.6
Armour         | 2 |  2.6
Evocations     | 1 2 |  2.2
Long Blades    | 4 5 |  5.0
Fighting       | 4 |  4.1

Action                   |  1- 3 |  4- 6 || total
-------------------------+-------+-------++-------
Melee: Falchion          |   122 |   124 ||   246
       Dagger            |       |   133 ||   133
Invok: Berserk           |       |     1 ||     1
       Trog's Hand       |       |     1 ||     1
 Abil: Spit Poison       |       |     3 ||     3
  Use: Scroll            |       |     6 ||     6
Armor: Animal skin       |     6 |       ||     6
       Scale mail        |    38 |    56 ||    94
Dodge: Dodged            |   103 |   132 ||   235
       Rpst.: Falchion   |    33 |    18 ||    51
